[Event "fics rated crazyhouse match"]
[Site "fics, Oklahoma City, OK USA"]
[Date "2000.03.12"]
[White "Eyefor"]
[WhiteElo "2354"]
[Black "Lomboc"]
[BlackElo "2190"]
[TimeControl "60+0"]
[Result "1-0"]

1. e4 d5 2. exd5 Qxd5 3. Nf3 Qd8 4. d3 P@d5 5. Ne5 e6 6. Nxf7 
Kxf7 7. P@f4 Qe7 8. Nc3 Ke8 9. Qh5+ g6 10. Qe2 Nf6 11. P@e5 Nfd7 
12. d4 Nb6 13. Nb5 a6 14. Nc3 Nc6 15. Qd2 Bd7 16. a3 Bg7 17. Qd1 
Rf8 18. h4 N@f5 19. Bxa6 Rxa6 20. P@f6 Bxf6 21. exf6 Qxf6 22. Nb5 Ncxd4 
23. Nxc7+ Kd8 24. Nxa6 bxa6 25. B@g5 P@e3 26. Bxf6+ Rxf6 27. Q@b8+ B@c8 28. Qxb6+ 
B@c7 29. P@e7+ Kxe7 30. Qxc7 exf2+ 31. Kxf2 P@g3+ 32. Kf1 N@e3+ 33. Bxe3 Nxe3+ 
34. Ke1 Ndxc2+ 35. Qdxc2 Nxc2+ 36. Qxc2 Q@f2+ 37. Qxf2 gxf2+ 38. Kf1 Rxf4 39. B@g5+ 
P@f6 40. N@g8# 
{Lomboc resigns} 1-0

[Event "fics rated crazyhouse match"]
[Site "fics, Oklahoma City, OK USA"]
[Date "2000.03.12"]
[White "Lomboc"]
[WhiteElo "2186"]
[Black "Eyefor"]
[BlackElo "2358"]
[TimeControl "60+0"]
[Result "0-1"]

1. d4 e6 2. Nc3 d6 3. Nf3 Nc6 4. e4 Nf6 5. Bg5 Be7 6. Bb5 
Ng4 7. Bxe7 Qxe7 8. O-O B@f4 9. d5 Nxh2 10. Nxh2 Bxh2+ 11. Kxh2 P@g3+ 
12. fxg3 a6 13. Bxc6+ bxc6 14. dxc6 N@e3 15. Qe2 Nxf1+ 16. Rxf1 B@b5 17. P@d3 
Bxc6 18. N@h5 R@g5 19. P@f6 Rxh5+ 20. Qxh5 gxf6 21. N@g7+ Kf8 22. B@h6 P@e2 
23. Nxe6+ Ke8 24. N@g7+ Kd7 25. Rf2 N@f1+ 26. Kg1 P@h2+ 27. Kh1 Nxg3+ 28. Kxh2 
Nxh5 29. Nxh5 Q@h4+ 30. R@h3 Qxf2 31. P@d5 R@h1+ 32. Kxh1 e1=Q+ 33. Kh2 Qeg1# 
{Lomboc checkmated} 0-1

[Event "fics rated crazyhouse match"]
[Site "fics, Oklahoma City, OK USA"]
[Date "2000.03.12"]
[White "Eyefor"]
[WhiteElo "2362"]
[Black "Lomboc"]
[BlackElo "2182"]
[TimeControl "60+0"]
[Result "0-1"]

1. e4 d5 2. exd5 Qxd5 3. Nf3 Qd8 4. d3 P@d5 5. Ne5 e6 6. Nxf7 
Kxf7 7. P@f4 Qe7 8. Nc3 Nc6 9. P@b5 Nd4 10. Be3 Nf5 11. Qh5+ g6 
12. Qg5 Nf6 13. Bxa7 Rxa7 14. P@e5 Nh5 15. Qxe7+ Bxe7 16. Q@b8 Q@a8 17. Qxa8 
Rxa8 18. b6 cxb6 19. Q@d2 d4 20. Nb5 P@e3 21. fxe3 dxe3 22. Qe2 Q@f2+ 
23. Qxf2 exf2+ 24. Ke2 Q@e3+ 25. Kd1 Qe1# 
{Eyefor checkmated} 0-1

[Event "fics rated crazyhouse match"]
[Site "fics, Oklahoma City, OK USA"]
[Date "2000.03.12"]
[White "Lomboc"]
[WhiteElo "2194"]
[Black "Eyefor"]
[BlackElo "2350"]
[TimeControl "60+0"]
[Result "0-1"]

1. e4 e6 2. Nc3 d6 3. d4 Nf6 4. Nf3 Nc6 5. Bg5 Be7 6. Bd3 
Ng4 7. O-O Bxg5 8. h3 Ne3 9. fxe3 Bxe3+ 10. Kh1 Bxd4 11. Nxd4 Nxd4 
12. B@f2 P@e5 13. Qg4 B@f6 14. N@h5 N@h6 15. Qg3 P@f4 16. Nxf6+ Qxf6 17. Qh4 
Qxh4 18. Bxh4 Q@d7 19. B@g5 Ng8 20. Bf2 N@b4 21. Rac1 f3 22. gxf3 Nxf3 
23. Q@g2 Nxg5 24. Qxg5 Nxd3 25. cxd3 B@f6 26. Qg2 P@d2 27. Rcd1 B@c1 28. Ne2 
Bxb2 29. Rxd2 P@c3 30. Rc2 Qb5 31. P@g3 Qxd3 32. N@e3 P@d2 33. Rd1 Qxe2 
34. N@g4 N@f3 35. Nxf6+ Nxf6 36. B@h5 Qxd1+ 37. Nxd1 R@e1+ 38. Bxe1 dxe1=Q+ 39. R@f1 
Nxh5 40. Rxe1 Nxe1 41. P@f6 R@f1# 
{Lomboc forfeits on time} 0-1

[Event "fics rated crazyhouse match"]
[Site "fics, Oklahoma City, OK USA"]
[Date "2000.03.12"]
[White "Eyefor"]
[WhiteElo "2355"]
[Black "Lomboc"]
[BlackElo "2189"]
[TimeControl "60+0"]
[Result "1-0"]

1. e4 e5 2. Bc4 Nf6 3. Nf3 Bc5 4. Bxf7+ Kxf7 5. Nxe5+ Kf8 6. d4 
Qe7 7. Nc3 Bxd4 8. Qxd4 B@c5 9. B@a3 Bxa3 10. P@g5 Bc5 11. gxf6 Bxd4 
{Lomboc resigns} 1-0

[Event "fics rated crazyhouse match"]
[Site "fics, Oklahoma City, OK USA"]
[Date "2000.03.12"]
[White "Lomboc"]
[WhiteElo "2185"]
[Black "Eyefor"]
[BlackElo "2359"]
[TimeControl "60+0"]
[Result "1-0"]

1. e4 e6 2. Nc3 Nc6 3. d4 Bb4 4. Nf3 Nf6 5. Bg5 Bxc3+ 6. bxc3 
N@g4 7. Bd3 d5 8. e5 Nxf2 9. Kxf2 P@b2 10. Rb1 h6 11. exf6 gxf6 
12. N@g7+ Kf8 13. Nh5 hxg5 14. B@g7+ Kg8 15. Bxh8 P@e3+ 16. Kxe3 B@c1+ 17. Kf2 
Be3+ 18. Kxe3 Nxd4 19. cxd4 P@g7 20. Bxg7 g4 21. R@h8# 
{Eyefor checkmated} 1-0

[Event "fics rated crazyhouse match"]
[Site "fics, Oklahoma City, OK USA"]
[Date "2000.03.12"]
[White "Eyefor"]
[WhiteElo "2347"]
[Black "Lomboc"]
[BlackElo "2197"]
[TimeControl "60+0"]
[Result "1-0"]

1. e4 e5 2. Bc4 d6 3. Qh5 Qe7 4. Qxf7+ Qxf7 5. Bxf7+ Kxf7 6. Q@c4+ 
B@e6 7. Qxc7+ Q@d7 8. Qxd7+ Nxd7 9. P@d5 Nc5 10. dxe6+ Bxe6 11. P@d5 Bg4 
12. Q@c7+ Q@d7 13. B@e6+ Bxe6 14. dxe6+ Kxe6 15. B@f5+ Ke7 16. Qxd7# 
{Lomboc resigns} 1-0

[Event "fics rated crazyhouse match"]
[Site "fics, Oklahoma City, OK USA"]
[Date "2000.03.12"]
[White "Mori"]
[WhiteElo "2148"]
[Black "Eyefor"]
[BlackElo "2350"]
[TimeControl "180+0"]
[Result "1-0"]

1. e4 Nf6 2. Nc3 d5 3. exd5 Nxd5 4. d4 e6 5. Bd3 Bb4 6. Bd2 
Bxc3 7. bxc3 N@b2 8. Qe2 Nxd3+ 9. Qxd3 Nc6 10. N@h5 B@f6 11. P@g5 P@b2 
12. Rd1 Bxg5 13. Nxg7+ Kf8 14. B@h6 Bxh6 15. Bxh6 Kg8 16. B@e4 Qh4 17. Bxd5 
exd5 18. Nh5 P@g7 19. Bxg7 Qxh5 20. N@f6+ Kxg7 21. Nxh5+ Kf8 22. P@g7+ Ke7 
23. gxh8=Q N@d6 24. Q@f6+ Kd7 25. Qxf7+ Nxf7 26. Nf6+ Kd6 27. P@e5+ Nfxe5 28. dxe5+ 
Ke6 29. P@f5+ Kxe5 30. Qxd5+ Kf4 31. N@h3# 
{Eyefor checkmated} 1-0

[Event "fics rated crazyhouse match"]
[Site "fics, Oklahoma City, OK USA"]
[Date "2000.03.12"]
[White "Mori"]
[WhiteElo "2160"]
[Black "Eyefor"]
[BlackElo "2338"]
[TimeControl "300+0"]
[Result "1-0"]

1. e4 Nf6 2. Nc3 e6 3. e5 Nd5 4. Nxd5 exd5 5. d4 N@e4 6. Nf3 
Bb4+ 7. Bd2 Bxd2+ 8. Nxd2 Nxf2 9. Kxf2 Qh4+ 10. Ke2 Qxd4 11. Nf3 B@c4+ 
12. B@d3 Qxb2 13. N@f5 Bxd3+ 14. Qxd3 Qxa1 15. Nxg7+ Kf8 16. B@e7+ Kg8 17. N@h6+ 
Kxg7 18. Bf6+ Kxh6 19. Qe3+ P@f4 20. Qxf4+ P@g5 21. Qxg5# 
{Eyefor checkmated} 1-0

[Event "fics rated crazyhouse match"]
[Site "fics, Oklahoma City, OK USA"]
[Date "2000.03.12"]
[White "hamsi"]
[WhiteElo "2195"]
[Black "Tecumseh"]
[BlackElo "2285"]
[TimeControl "180+0"]
[Result "0-1"]

1. e4 Nc6 2. d4 d5 3. exd5 Qxd5 4. Nf3 Bg4 5. Be2 Rd8 6. Be3 
e5 7. Nxe5 Nxe5 8. Bxg4 Qxg2 9. B@f3 Nxf3+ 10. Bxf3 B@a5+ 11. Nc3 Qxh1+ 
12. Bxh1 R@g1+ 13. N@f1 Rxh1 14. Q@e4+ Be7 15. Qxh1 P@h3 16. P@g2 hxg2 17. Qxg2 
B@d5 18. P@e4 N@h4 19. Qxg7 Bxc3+ 20. bxc3 Bxe4 21. Qxh8 Ng2+ 22. Ke2 P@f3+ 
23. Kd2 N@c4+ 24. Kc1 P@b2+ 25. Kb1 bxa1=Q+ 26. Kxa1 P@b2+ 27. Kb1 R@a1# 
{hamsi checkmated} 0-1

[Event "fics rated crazyhouse match"]
[Site "fics, Oklahoma City, OK USA"]
[Date "2000.03.12"]
[White "Thufir"]
[WhiteElo "2410"]
[Black "venomous"]
[BlackElo "2449"]
[TimeControl "60+0"]
[Result "1-0"]

1. e4 e6 2. Nc3 Nc6 3. d4 Bb4 4. e5 d6 5. exd6 cxd6 6. Nf3 
Nf6 7. Bd2 Bxc3 8. bxc3 N@e4 9. Bd3 Nxd2 10. Nxd2 B@g6 11. P@g5 Nd5 
12. N@e4 Nf4 13. O-O P@h3 14. gxh3 Nxh3+ 15. Kh1 Bxe4+ 16. Bxe4 Nxg5 17. B@g2 
Nxe4 18. Nxe4 P@d5 19. Ng3 P@f4 20. Nh5 Rg8 21. Nxf4 N@h4 22. B@f3 Nxg2 
23. Bxg2 B@b2 24. Rb1 Bxc3 25. P@e3 P@g5 26. Nh3 B@e7 27. N@h5 Rb8 28. P@h6 
gxh6 29. N@g7+ Kd7 30. Qg4 P@g6 31. Nxg5 hxg5 32. P@f6 gxh5 33. Nxh5 Bxf6 
34. Nxf6+ Qxf6 35. B@g3 P@f5 36. Qh5 N@g6 37. Qxh7 Rh8 38. Qxh8 Qxh8 39. R@h3 
N@h4 40. Bxh4 gxh4 41. P@g3 B@g4 42. Rxh4 Nxh4 43. gxh4 Qxh4 44. P@f3 P@h3 
45. Bxh3 Qxh3 46. P@g2 Qxh2+ 47. Kxh2 R@h8+ 48. P@h3 Bxh3 49. Kg3 
{venomous forfeits on time} 1-0

[Event "fics rated crazyhouse match"]
[Site "fics, Oklahoma City, OK USA"]
[Date "2000.03.12"]
[White "venomous"]
[WhiteElo "2440"]
[Black "Thufir"]
[BlackElo "2419"]
[TimeControl "60+0"]
[Result "1-0"]

1. e4 e6 2. d4 d6 3. Be3 Be7 4. Bd3 Nf6 5. Nf3 Nc6 6. Nc3 
Ng4 7. O-O e5 8. d5 Nb4 9. Bc4 O-O 10. a3 Na6 11. Bxa6 bxa6 
12. N@c6 Qe8 13. Nxe7+ Qxe7 14. Bg5 f6 15. Be3 B@h5 16. B@f5 Bxf5 17. exf5 
Nxe3 18. fxe3 e4 19. B@e6+ B@f7 20. Nxe4 Bxe6 21. dxe6 N@e5 22. Nxe5 Bxd1 
23. P@f7+ Rxf7 24. exf7+ Qxf7 25. Nxf7 Bh5 26. B@e6 B@h8 27. Nxh8+ Kxh8 28. N@f7+ 
Bxf7 29. Bxf7 N@e2+ 30. Kh1 B@c6 31. Q@h5 P@h6 32. N@g6+ hxg6 33. Bxg6 Q@g8 
34. P@f7 P@h7 35. fxg8=Q+ Rxg8 36. Bxh7 Rf8 37. P@e7 Ra8 38. R@f8+ N@g8 39. Bxg8 
P@h7 40. Bf7+ N@g8 41. Rxa8 Ng3+ 42. hxg3 Be8 43. Rxe8 g6 44. Rxg8# 
{Thufir checkmated} 1-0

[Event "fics rated crazyhouse match"]
[Site "fics, Oklahoma City, OK USA"]
[Date "2000.03.12"]
[White "Thufir"]
[WhiteElo "2411"]
[Black "venomous"]
[BlackElo "2448"]
[TimeControl "60+0"]
[Result "0-1"]

1. e4 e6 2. d4 Nc6 3. Nf3 Nf6 4. e5 Nd5 5. Be2 d6 6. O-O 
dxe5 7. dxe5 P@g4 8. Ng5 Nxe5 9. Bxg4 Nxg4 10. Qxg4 B@f5 11. Qh4 P@f6 
12. Nf3 Bxc2 13. P@e4 Bxb1 14. Rxb1 Ne7 15. N@g4 Ng6 16. Qh3 N@e2+ 17. Kh1 
P@f5 18. exf5 exf5 19. Ne3 P@g4 20. Qh5 gxf3 21. Qxf3 Nxc1 22. Rbxc1 B@e4 
23. Qd1 N@f4 24. P@f3 Qxd1 25. Rcxd1 Bd6 26. P@g3 Nxg2 27. fxe4 Nxe3 28. fxe3 
P@g2+ 29. Kxg2 N@h4+ 30. gxh4 Nxh4+ 31. Kf2 Q@g2+ 32. Ke1 Bb4+ 33. P@c3 P@d2+ 
34. Rxd2 Qxd2+ 35. Kxd2 R@d7+ 36. P@d3 Bd6 37. B@b5 c6 38. exf5 Bxh2 39. P@e6 
Re7 40. P@d7+ Bxd7 41. exd7+ Rxd7 42. B@e6 fxe6 43. fxe6 Re7 44. P@f7+ Kd8 
45. N@d7 B@c1+ 46. Kxc1 P@d2+ 47. Kc2 Rxe6 48. Kxd2 Rxe3 49. P@c7+ Kxc7 50. B@e7 
Kxd7 51. N@d5 Ke6 
{Thufir forfeits on time} 0-1

[Event "fics rated crazyhouse match"]
[Site "fics, Oklahoma City, OK USA"]
[Date "2000.03.12"]
[White "venomous"]
[WhiteElo "2455"]
[Black "Thufir"]
[BlackElo "2404"]
[TimeControl "60+0"]
[Result "1-0"]

1. e4 e6 2. d4 Nc6 3. Be3 Bb4+ 4. c3 Be7 5. Bd3 Nf6 6. Nd2 
O-O 7. Ngf3 Ng4 8. O-O d6 9. Qc2 f5 10. exf5 exf5 11. d5 Nxe3 
12. fxe3 Ne5 13. N@e6 Bxe6 14. dxe6 Nxd3 15. P@f7+ Kh8 16. Qxd3 B@e4 17. Nxe4 
fxe4 18. Qxe4 B@g6 19. P@f5 N@c5 20. Qc2 P@d3 21. fxg6 dxc2 22. gxh7 Q@g6 
23. N@f4 Qxh7 24. B@g6 Qh6 25. B@d4 P@e5 26. Bxc5 exf4 27. exf4 Qxg6 28. f5 
Qxf5 29. Bd4 P@e5 30. B@h3 Qg6 31. P@f5 Qh6 32. N@g6+ Kh7 33. Nxf8+ Qxf8 
34. P@g6+ Kh8 35. R@h7+ Qxh7 36. gxh7 Kxh7 37. f6 Bxf6 38. Bf5+ P@g6 39. Q@h5+ 
R@h6 40. Bxg6+ Kh8 41. Qxh6+ gxh6 42. R@h7# 
{Thufir checkmated} 1-0

[Event "fics rated crazyhouse match"]
[Site "fics, Oklahoma City, OK USA"]
[Date "2000.03.12"]
[White "Thufir"]
[WhiteElo "2397"]
[Black "venomous"]
[BlackElo "2462"]
[TimeControl "60+0"]
[Result "1-0"]

1. e4 e6 2. d4 Nc6 3. Nc3 Nf6 4. e5 Nd5 5. Nxd5 exd5 6. Bb5 
d6 7. Qe2 Qe7 8. Bg5 f6 9. exf6 gxf6 10. Bxf6 Qxe2+ 11. Nxe2 Bg4 
12. P@g7 Bxg7 13. Q@e7# 
{venomous checkmated} 1-0

[Event "fics rated crazyhouse match"]
[Site "fics, Oklahoma City, OK USA"]
[Date "2000.03.12"]
[White "venomous"]
[WhiteElo "2453"]
[Black "Thufir"]
[BlackElo "2406"]
[TimeControl "60+0"]
[Result "1-0"]

1. e4 e6 2. d4 d6 3. Be3 Be7 4. Bd3 Nf6 5. Nf3 Nc6 6. Nc3 
O-O 7. O-O e5 8. dxe5 Nxe5 9. Nxe5 dxe5 10. P@h6 gxh6 11. Bxh6 N@g4 
12. Bxf8 Qxf8 13. P@g5 B@h5 14. gxf6 Nxf6 15. R@g5+ P@g6 16. Rxh5 Nxh5 17. B@b3 
P@d4 18. Bdc4 P@e6 19. Nb5 c6 20. Nc7 Rb8 21. Nxe6 fxe6 22. Bxe6+ Bxe6 
23. Bxe6+ B@f7 24. Bxf7+ Kxf7 25. P@e6+ Kxe6 26. B@g4+ P@f5 27. exf5+ gxf5 28. Bxh5 
P@g6 29. B@b3+ B@d5 30. Bxd5+ cxd5 31. Bf3 B@c6 32. P@c4 N@g5 33. cxd5+ Bxd5 
34. Bxd5+ Kxd5 35. c4+ Kc6 36. B@d5+ Kc7 37. N@b5+ Kd8 38. P@c7+ Kd7 39. P@e6+ 
Nxe6 40. Bxe6+ Kxe6 41. B@d5+ Kf6 42. N@d7+ Kg7 43. N@e6+ Kh8 44. Ndxf8 Bxf8 
45. cxb8=Q R@g8 46. Nxf8 N@h3+ 47. gxh3 B@g7 48. Nxg6+ hxg6 49. Qxg8# 
{Thufir checkmated} 1-0

[Event "fics rated crazyhouse match"]
[Site "fics, Oklahoma City, OK USA"]
[Date "2000.03.12"]
[White "Thufir"]
[WhiteElo "2399"]
[Black "venomous"]
[BlackElo "2460"]
[TimeControl "60+0"]
[Result "0-1"]

1. e4 e6 2. d4 Nc6 3. Nc3 Nf6 4. e5 Nd5 5. Nxd5 exd5 6. Bb5 
d6 7. Qe2 Be7 8. Nf3 Bg4 9. exd6 cxd6 10. P@h6 P@e4 11. hxg7 Rg8 
12. Rg1 Rxg7 13. h3 Bxf3 14. gxf3 Rxg1+ 15. B@f1 P@g2 16. N@g7+ Kf8 17. Bh6 
gxf1=Q+ 18. Qxf1 Rxf1+ 19. Bxf1 B@d2+ 20. Bxd2 Nxd4 21. B@h6 Nxf3+ 22. Kd1 Kg8 
23. Nh5 R@g1 24. Ke2 N@d4+ 25. Ke3 N@f5+ 26. Kf4 Bg5+ 27. Bxg5 Qxg5# 
{Thufir checkmated} 0-1

[Event "fics rated crazyhouse match"]
[Site "fics, Oklahoma City, OK USA"]
[Date "2000.03.12"]
[White "venomous"]
[WhiteElo "2467"]
[Black "Thufir"]
[BlackElo "2392"]
[TimeControl "60+0"]
[Result "1-0"]

1. e4 e6 2. d4 Nc6 3. Be3 Nf6 4. Bd3 d5 5. e5 Ne4 6. Nh3 
Be7 7. O-O f6 8. exf6 Nxf6 9. P@g5 Nd7 10. Nc3 P@e4 11. Bxe4 dxe4 
12. Nxe4 B@f5 13. Qh5+ g6 14. Qf3 Bxh3 15. Qxh3 N@f5 16. P@g4 Nfxd4 17. P@g7 
Rg8 18. Qxh7 Kf7 19. P@h5 gxh5 20. B@g6# 
{Thufir checkmated} 1-0

[Event "fics rated crazyhouse match"]
[Site "fics, Oklahoma City, OK USA"]
[Date "2000.03.12"]
[White "Thufir"]
[WhiteElo "2386"]
[Black "venomous"]
[BlackElo "2473"]
[TimeControl "60+0"]
[Result "0-1"]

1. e4 e6 2. d4 Nc6 3. Nc3 Nf6 4. e5 Nd5 5. Nxd5 exd5 6. Bb5 
d6 7. Qe2 Be7 8. N@h5 Rg8 9. exd6 cxd6 10. P@h6 P@e4 11. Nxg7+ Kd7 
12. P@a6 bxa6 13. Bxc6+ Kxc6 14. N@b4+ Kb7 15. Nxd5 Qa5+ 16. Nc3 P@d5 17. Bd2 
B@c6 18. P@b4 Qxb4 19. Nxd5 Qxb2 20. Rd1 Bxd5 21. Nh3 Bxh3 22. gxh3 N@g2+ 
23. Kf1 P@f3 24. Qe3 Nxe3+ 25. Bxe3 Q@g2+ 26. Ke1 Qxh1+ 27. B@f1 Qb4+ 28. Rd2 
Qxf1+ 29. Kxf1 P@e2+ 30. Rxe2 fxe2+ 31. Kg2 B@f3+ 32. Kg3 R@g2+ 33. Kf4 N@g6+ 
34. Kf5 Be6+ 35. Nxe6 fxe6+ 36. Kxe6 N@c7+ 37. Kf7 Raf8# 
{Thufir checkmated} 0-1

[Event "fics rated crazyhouse match"]
[Site "fics, Oklahoma City, OK USA"]
[Date "2000.03.12"]
[White "venomous"]
[WhiteElo "2479"]
[Black "Thufir"]
[BlackElo "2380"]
[TimeControl "60+0"]
[Result "1-0"]

1. e4 e6 2. d4 Nc6 3. Be3 Nf6 4. Bd3 Be7 5. Nf3 d6 6. Nc3 
O-O 7. O-O Ng4 8. Qe2 e5 9. dxe5 Ncxe5 10. Nxe5 Nxe5 11. P@h6 Bf6 
12. hxg7 Bxg7 13. P@h6 Bf6 14. N@h5 P@f3 15. Nd5 P@e7 16. Nhxf6+ exf6 17. B@e7 
fxe2 18. Nxf6# 
{Thufir resigns} 1-0

[Event "fics rated crazyhouse match"]
[Site "fics, Oklahoma City, OK USA"]
[Date "2000.03.12"]
[White "Thufir"]
[WhiteElo "2374"]
[Black "venomous"]
[BlackElo "2485"]
[TimeControl "60+0"]
[Result "0-1"]

1. e4 e6 2. Nc3 Nc6 3. d4 Nf6 4. e5 Nd5 5. Nxd5 exd5 6. Bb5 
d6 7. Qe2 Be7 8. Nf3 Bg4 9. Rg1 dxe5 10. Nxe5 Bxe2 11. Nxc6 Bxb5 
12. P@d3 Bxc6 13. N@e5 O-O 14. N@h5 Q@h4 15. Ng3 Qxh2 16. Rf1 Qxg2 17. Bf4 
B@a5+ 18. c3 P@h2 19. O-O-O P@e2 20. Nxe2 P@f3 21. Ng3 N@e2+ 22. Kb1 Nxf4 
23. Rh1 B@e2 24. Nxe2 fxe2 25. Rc1 N@g6 26. B@f3 Qg5 27. Nxg6 fxg6 28. Rxh2 
Nxd3 29. Rch1 e1=Q+ 30. Rxe1 Nxe1 31. P@e3 Nxf3 32. Rh1 P@g2 33. Rc1 g1=Q 
34. N@d1 N@d2+ 35. Kc2 B@b1+ 36. Rxb1 Nxb1 37. B@e2 R@d2+ 38. Kxb1 Rxd1+ 39. Kc2 
R@d2+ 40. Kb3 Rxe2 41. a4 B@c4# 
{Thufir checkmated} 0-1

[Event "fics rated crazyhouse match"]
[Site "fics, Oklahoma City, OK USA"]
[Date "2000.03.12"]
[White "venomous"]
[WhiteElo "2491"]
[Black "Thufir"]
[BlackElo "2368"]
[TimeControl "60+0"]
[Result "0-1"]

1. e4 e6 2. d4 Nf6 3. Bd3 d6 4. Be3 Be7 5. Nf3 O-O 6. Nc3 
Nc6 7. O-O Ng4 8. Qe2 Nxe3 9. fxe3 B@g4 10. Rae1 e5 11. d5 Nb4 
12. Bc4 c6 13. a3 cxd5 14. exd5 Bxf3 15. Rxf3 Bg4 16. axb4 Bxf3 17. gxf3 
N@g5 18. P@g2 P@h3 19. N@f5 hxg2 20. Qxg2 P@h3 21. Qg3 R@g2+ 22. Qxg2 hxg2 
23. N@h6+ Kh8 24. Kxg2 Bf6 25. R@g3 gxh6 26. P@h4 N@g7 27. Nxg7 Bxg7 28. hxg5 
hxg5 29. N@f5 P@h4 30. Nxg7 hxg3 31. Nf5 Q@f2+ 32. Kh3 Qxh2+ 33. Kg4 h5# 
{venomous checkmated} 0-1

[Event "fics rated crazyhouse match"]
[Site "fics, Oklahoma City, OK USA"]
[Date "2000.03.12"]
[White "Thufir"]
[WhiteElo "2379"]
[Black "venomous"]
[BlackElo "2480"]
[TimeControl "60+0"]
[Result "1-0"]

1. e4 e6 2. d4 Nc6 3. Nc3 Nf6 4. Nf3 Bb4 5. e5 Ne4 6. Bd3 
Nxc3 7. bxc3 Bxc3+ 8. Bd2 Bxd4 9. Nxd4 Nxd4 10. Qg4 N@f5 11. N@h5 P@g6 
12. Nxg7+ Nxg7 13. Qxd4 N@f5 14. N@f6+ Kf8 15. Qb4+ d6 16. B@h6 P@c5 17. Qb2 
N@g4 18. Nxg4 dxe5 19. P@f6 Nxh6 20. Bxh6 Rg8 21. fxg7+ Ke8 22. Qxe5 B@d4 
23. N@f6+ Ke7 24. Nxg8+ Qxg8 25. P@f6+ Kd7 26. R@e7+ Kc6 27. N@b4+ cxb4 28. Qxd4 
P@d2+ 29. Bxd2 Qd8 30. P@b5# 
{venomous checkmated} 1-0

[Event "fics rated crazyhouse match"]
[Site "fics, Oklahoma City, OK USA"]
[Date "2000.03.12"]
[White "venomous"]
[WhiteElo "2470"]
[Black "Thufir"]
[BlackElo "2389"]
[TimeControl "60+0"]
[Result "1-0"]

1. e4 e6 2. d4 Nc6 3. Be3 Nf6 4. Bd3 d6 5. Nc3 Be7 6. Nf3 
Ng4 7. O-O Nxe3 8. fxe3 B@g4 9. Qd2 Bxf3 10. Rxf3 e5 11. d5 Nb4 
12. N@f5 Bxf5 13. exf5 Nxd3 14. cxd3 B@g4 15. Rf2 N@h4 16. B@e6 O-O 17. B@g3 
fxe6 18. fxe6 Rxf2 19. Qxf2 N@f3+ 20. gxf3 Nxf3+ 21. Kh1 B@h5 22. P@f7+ Kh8 
23. R@g8+ Qxg8 24. fxg8=Q+ Rxg8 25. N@f7+ Bxf7 26. exf7 Rf8 27. B@e6 Bxe6 28. dxe6 
N@f6 29. N@d7 R@d8 30. Nxf6 Bxf6 31. B@g2 Ng5 32. N@d7 Nxe6 33. Nxf8 Rxf8 
34. R@g8+ Rxg8 35. fxg8=Q+ Kxg8 36. R@e8+ R@f8 37. Rxf8+ Kxf8 38. R@c8+ N@e8 39. Q@h8+ 
N@g8 40. Rxe8+ Kxe8 41. Qxg8+ B@f8 42. Qxe6+ R@e7 43. Qc8+ R@d8 44. Qxd8+ Kxd8 
45. R@a8+ R@c8 46. Bxb7 Q@d7 47. Bxc8 Qxc8 48. Rxc8+ Kxc8 49. P@b7+ Kd7 50. N@b8+ 
Ke8 51. Q@d8+ Kf7 52. N@g5+ Kg6 53. Qxf6+ gxf6 54. N@h4+ Kxg5 55. B@f4# 
{Thufir forfeits on time} 1-0

[Event "fics rated crazyhouse match"]
[Site "fics, Oklahoma City, OK USA"]
[Date "2000.03.12"]
[White "Thufir"]
[WhiteElo "2383"]
[Black "venomous"]
[BlackElo "2476"]
[TimeControl "60+0"]
[Result "1-0"]

1. e4 e6 2. Nc3 Nc6 3. d4 Nf6 4. e5 Nd5 5. Nf3 Bb4 6. Bd3 
Bxc3+ 7. bxc3 Nxc3 8. Bg5 P@f6 9. exf6 gxf6 10. B@g7 Nxd1 11. B7xf6 Nxf2 
12. Bxd8 Nxd3+ 13. cxd3 P@f2+ 14. Ke2 N@c3+ 15. Kxf2 Q@e2+ 16. Kg3 B@d6+ 17. P@e5 
Rg8 18. N@f6+ Kxd8 19. Nxg8+ P@e7 20. exd6 B@f2+ 21. Kh3 cxd6 22. Q@f8+ Kc7 
23. B@d8+ Nxd8 24. R@c4+ B@c6 25. Rxc3 P@g4+ 26. Kxg4 f5+ 27. Kh5 a6 28. P@b6+ 
Kxb6 29. N@c4+ Kb5 30. Rab1+ P@b4 31. a4+ Kxa4 32. P@b3+ Kb5 33. P@a4# 
{venomous checkmated} 1-0

[Event "fics rated crazyhouse match"]
[Site "fics, Oklahoma City, OK USA"]
[Date "2000.03.12"]
[White "venomous"]
[WhiteElo "2466"]
[Black "Thufir"]
[BlackElo "2393"]
[TimeControl "60+0"]
[Result "1-0"]

1. e4 e6 2. d4 d6 3. Be3 Nf6 4. Bd3 Be7 5. Nc3 Nc6 6. Nf3 
e5 7. d5 Nb4 8. Bb5+ c6 9. Ba4 Bd7 10. a3 Na6 11. dxc6 bxc6 
12. P@d5 cxd5 13. Bxd7+ Qxd7 14. exd5 O-O 15. B@c6 Qf5 16. P@e4 Qg4 17. Bxa8 
Qxg2 18. Rg1 Qh3 19. R@g3 Qxg3 20. Rxg3 B@g6 21. Bb7 P@f4 22. Bxa6 fxe3 
23. fxe3 B@h4 24. Nxh4 P@f4 25. Nxg6 fxg6 26. B@e6+ Kh8 27. P@g5 fxg3 28. gxf6 
R@h1+ 29. B@f1 gxf6 30. N@f7+ Rxf7 31. Bxf7 R@f8 32. R@e8 Rxe8 33. Bxe8 R@f8 
34. N@f7+ Kg7 35. Q@h6+ Kg8 36. R@g7# 
{Thufir checkmated} 1-0

[Event "fics rated crazyhouse match"]
[Site "fics, Oklahoma City, OK USA"]
[Date "2000.03.12"]
[White "Thufir"]
[WhiteElo "2387"]
[Black "venomous"]
[BlackElo "2472"]
[TimeControl "60+0"]
[Result "0-1"]

1. e4 e6 2. d4 Nc6 3. Nc3 Bb4 4. e5 d6 5. exd6 cxd6 6. Nf3 
Nf6 7. P@g5 Ne4 8. Bd3 Bxc3+ 9. bxc3 Nxc3 10. Bd2 Nxd1 11. Rxd1 N@b4 
12. Bxb4 Nxb4 13. B@b5+ B@c6 14. N@h5 Nxd3+ 15. Bxd3 Bxf3 16. Nxg7+ Kd7 17. gxf3 
Q@a5+ 18. B@d2 P@c3 19. Bf4 N@g2+ 20. Kf1 Nxf4 21. P@g2 B@h3 22. Rg1 Qaxg5 
23. N@g3 Bxg2+ 24. Rxg2 B@h3 25. B@h1 Qxg7 26. N@h5 N@d2+ 27. Kg1 Bxg2 28. Nxg7 
Nh3+ 29. Kxg2 Nf4+ 30. Kg1 P@g2 31. Bxg2 Nxg2 32. Kxg2 P@h3+ 33. Kxh3 R@h4+ 
34. Kg2 B@h3+ 35. Kg1 Nxf3+ 36. Kh1 P@g2# 
{Thufir checkmated} 0-1

[Event "fics rated crazyhouse match"]
[Site "fics, Oklahoma City, OK USA"]
[Date "2000.03.12"]
[White "venomous"]
[WhiteElo "2478"]
[Black "Thufir"]
[BlackElo "2381"]
[TimeControl "60+0"]
[Result "1-0"]

1. e4 Nf6 2. e5 Ne4 3. Qe2 d5 4. exd6 Nxd6 5. Nf3 Nc6 6. d4 
e6 7. Nc3 Be7 8. Be3 O-O 9. Rd1 Nf5 10. Qd2 Bb4 11. Bd3 Nxe3 
12. fxe3 B@g6 13. P@e4 P@d5 14. exd5 e5 15. dxe5 Bxc3 16. bxc3 Qxd5 17. O-O 
Nxe5 18. Nxe5 Qxe5 19. B@f4 Qe7 20. N@d5 Qd7 21. N@f6+ Kh8 22. Nxd7 Bxd7 
23. P@f6 gxf6 24. Nxf6 P@g7 25. Nxd7 N@e6 26. P@f6 gxf6 27. P@h6 P@g7 28. hxg7+ 
Nxg7 29. P@h6 Ne6 30. B@g7+ Nxg7 31. hxg7+ Kxg7 32. Bxg6 fxg6 33. B@h6+ Kf7 
34. Q@g7+ Ke6 35. Qd5# 
{Thufir checkmated} 1-0

[Event "fics rated crazyhouse match"]
[Site "fics, Oklahoma City, OK USA"]
[Date "2000.03.12"]
[White "Thufir"]
[WhiteElo "2375"]
[Black "venomous"]
[BlackElo "2484"]
[TimeControl "60+0"]
[Result "0-1"]

1. e4 e6 2. d4 Nc6 3. Nf3 Nf6 4. e5 Nd5 5. Be2 d6 6. O-O 
dxe5 7. dxe5 P@g4 8. Ng5 Nxe5 9. Bxg4 Nxg4 10. Qxg4 B@f5 11. Qh4 P@h6 
12. Nf3 Qxh4 13. Nxh4 Bxc2 14. Nd2 P@e2 15. Re1 Be7 16. N@h5 Rg8 17. P@e4 
Bxh4 18. exd5 Q@d1 19. N@f3 N@d3 20. Q@b5+ Bd7 21. P@c6 Bxf2+ 22. Kh1 Qxe1+ 
23. Nxe1 R@g1# 
{Thufir checkmated} 0-1